Toronto Maple Leafs vs Montreal Canadiens
Created - Wednesday, March 29, 2023 at 07:00
Goals
|
| Toronto Maple Leafs |
1 |
1 |
0 |
2 |
| Montreal Canadiens |
1 |
0 |
0 |
1 |
|
Shots
|
| Toronto Maple Leafs |
14 |
16 |
3 |
33 |
| Montreal Canadiens |
10 |
16 |
8 |
34 |
|
1st period
1. Montreal Canadiens , Filip Forsberg 8 (Sidney Crosby 15, Scott Mayfield 1) at 6:54
2. Toronto Maple Leafs , Sam Bennett 10 (Brady Tkachuk 15, Jonas Siegenthaler 3) at 11:28
Penalties :
Patrik Laine (MTL) for Hooking (Minor) at 17:29
2nd period
3. Toronto Maple Leafs , Nicolas Roy 1 (Craig Smith 1) at 14:29
Penalties :
Brady Tkachuk (TOR) for Hooking (Minor) at 1:42
3rd period
No Goal
Penalties :
Brady Tkachuk (TOR) for Hooking (Minor) at 5:39, Tyler Myers (MTL) for High sticking (Minor) at 16:05
Goalie Stats
Cam Talbot (TOR), 33 saves from 34 shots - (0.971), W, 3-2-0, 60:00 minutes
Jacob Markstrom (MTL), 31 saves from 33 shots - (0.939), L, 5-4-1, 59:06 minutes
Players Stats for Toronto Maple Leafs
Player Name G A P +/- PIM S H SB GA TA FO MP PP MP PK MP
------------------------------------------------------------------------------------
Adam Henrique 0 0 0 -1 0 3 0 1 1 0 6/15 16:36 1:36 0:56
Andrew Mangiapane 0 0 0 -1 0 1 2 0 0 0 0/0 17:20 1:36 2:04
Brady Tkachuk 0 1 1 1 4 4 2 1 1 0 0/2 20:10 2:13 0:00
Cody Ceci 0 0 0 0 0 0 3 0 0 1 0/0 23:55 1:26 2:21
Craig Smith 0 1 1 1 0 1 2 0 2 0 0/0 10:31 0:09 0:00
Dougie Hamilton 0 0 0 0 0 1 0 0 0 4 0/0 21:33 2:32 0:00
Jonas Siegenthaler 0 1 1 1 0 0 0 2 0 1 0/0 13:47 0:00 1:37
Josh Bailey 0 0 0 1 0 0 1 2 0 0 0/0 18:14 0:09 0:00
Kyle Okposo 0 0 0 -1 0 2 5 0 1 0 0/0 15:06 0:09 0:56
Luke Schenn 0 0 0 1 0 1 2 0 0 0 0/0 12:33 0:00 0:00
Mario Ferraro 0 0 0 0 0 2 1 0 0 0 0/0 24:50 1:26 2:21
Nicolas Roy 1 0 1 1 0 3 2 0 0 0 5/5 11:45 0:00 0:58
Pierre Engvall 0 0 0 1 0 4 2 0 0 0 0/0 10:14 0:00 0:58
Ryan Pulock 0 0 0 0 0 2 1 0 0 1 0/0 22:37 2:32 1:37
Sam Bennett 1 0 1 1 0 4 2 0 1 0 16/28 20:02 2:13 0:00
Scott Laughton 0 0 0 0 0 0 4 1 0 1 3/7 13:12 0:00 2:04
Trevor Zegras 0 0 0 0 0 3 2 0 1 0 0/0 11:29 1:36 0:00
Troy Terry 0 0 0 0 0 2 0 0 0 0 0/1 12:06 2:13 0:00
Players Stats for Montreal Canadiens
Player Name G A P +/- PIM S H SB GA TA FO MP PP MP PK MP
------------------------------------------------------------------------------------
Adam Fox 0 0 0 -1 0 2 1 0 0 0 0/0 27:59 2:35 2:30
Alexandre Carrier 0 0 0 1 0 0 1 2 0 0 0/0 14:58 0:00 0:46
Brady Skjei 0 0 0 -1 0 1 0 0 0 1 0/0 18:08 1:23 1:47
Christian Fischer 0 0 0 0 0 3 1 0 0 0 0/0 13:49 1:48 0:00
Colton Sceviour 0 0 0 0 0 0 1 0 0 0 0/0 1:18 0:01 0:53
Filip Forsberg 1 0 1 0 0 8 3 0 1 1 0/2 16:35 2:09 0:00
Filip Hronek 0 0 0 -1 0 0 2 0 0 0 0/0 19:33 1:23 1:28
Jack Quinn 0 0 0 0 0 2 0 1 0 0 0/2 9:06 0:00 0:00
Jake Evans 0 0 0 0 0 4 0 2 0 0 6/13 22:21 0:00 2:19
Martin Necas 0 0 0 -1 0 1 1 2 1 0 8/16 19:13 2:35 0:21
Matty Beniers 0 0 0 0 0 0 0 1 1 1 3/5 15:07 1:49 0:00
Miles Wood 0 0 0 -1 0 0 3 0 0 1 0/0 18:02 1:48 0:08
Patrik Laine 0 0 0 -1 2 3 2 1 2 0 0/1 18:58 2:09 0:46
Scott Mayfield 0 1 1 1 0 3 1 1 0 1 0/0 14:09 0:00 0:00
Sidney Crosby 0 1 1 0 0 4 2 0 1 0 10/17 16:49 2:09 0:00
Tomas Nosek 0 0 0 0 0 0 1 1 0 1 0/0 11:06 0:00 1:18
Tyler Myers 0 0 0 -1 2 1 1 0 0 1 0/0 22:08 0:00 1:25
Tyson Jost 0 0 0 0 0 2 1 0 2 0 1/2 16:41 0:01 2:11
3 Stars
1 - Cam Talbot (TOR)
2 - Nicolas Roy (TOR)
3 - Sam Bennett (TOR)
Power Play
Toronto Maple Leafs - 0 on 2 Attempt(s) - 0.00%
Montreal Canadiens - 0 on 2 Attempt(s) - 0.00%
Penalty Kill
Toronto Maple Leafs - 2 on 2 Attempt(s) - 100.00%
- Score 0 goal in Penalty Kill
Montreal Canadiens - 2 on 2 Attempt(s) - 100.00%
- Score 0 goal in Penalty Kill
Team Stat
Toronto Maple Leafs - Hits : 31 - Faceoff Wins : 30 - Blocked Shots : 7 - Penalty Minutes : 4
Montreal Canadiens - Hits : 21 - Faceoff Wins : 28 - Blocked Shots : 11 - Penalty Minutes : 4
Official
Referees : Greg Kimmerly and Frederick L'Ecuyer
Linesman : Andy McElman and Darren Gibbs
Game Notes
No Game Note
Finance
Level 1 -- Attendance: 4934 (82.23%) -- Ticket Income $493,400
Level 2 -- Attendance: 3992 (79.84%) -- Ticket Income $239,520
Level 3 -- Attendance: 2782 (92.73%) -- Ticket Income $97,370
Level 4 -- Attendance: 3554 (71.08%) -- Ticket Income $88,850
Luxury Box -- Attendance: 770 (77.00%) -- Ticket Income $154,000
Game was played at the Bell Centre.
Total Attendance: 16032 (80.16%)
Total Ticket Income: $1,073,140
Other Income: $375,599
Total Income: $1,448,739
Toronto Maple Leafs
5 vs 5 Forward
Center Left Wing Right Wing Time % Phy DF OF
1 Sam Bennett Brady Tkachuk Josh Bailey 40 1 2 2
2 Adam Henrique Andrew Mangiapane Kyle Okposo 30 1 2 2
3 Scott Laughton Trevor Zegras Troy Terry 20 1 2 2
4 Nicolas Roy Pierre Engvall Craig Smith 10 1 2 2
5 vs 5 Defense
Defense Defense Time % Phy DF OF
1 Dougie Hamilton Mario Ferraro 40 1 2 2
2 Ryan Pulock Cody Ceci 30 1 2 2
3 Luke Schenn Jonas Siegenthaler 20 1 2 2
4 Ryan Pulock Cody Ceci 10 1 2 2
PowerPlay Forward
Center Left Wing Right Wing Time % Phy DF OF
1 Sam Bennett Brady Tkachuk Troy Terry 60 1 2 2
2 Adam Henrique Trevor Zegras Andrew Mangiapane 40 1 2 2
PowerPlay Defense
Defense Defense Time % Phy DF OF
1 Dougie Hamilton Ryan Pulock 60 1 2 2
2 Cody Ceci Mario Ferraro 40 1 2 2
Penalty Kill 4 Players Forward
Center Wing Time % Phy DF OF
1 Scott Laughton Andrew Mangiapane 60 1 2 2
2 Nicolas Roy Pierre Engvall 40 1 2 2
Penalty Kill 4 Players Defense
Defense Defense Time % Phy DF OF
1 Mario Ferraro Cody Ceci 60 1 2 2
2 Ryan Pulock Jonas Siegenthaler 40 1 2 2
Penalty Kill - 3 Players Forward
Forward Time % Phy DF OF
1 Scott Laughton 60 1 2 2
2 Nicolas Roy 40 1 2 2
Penalty Kill - 3 Players Defense
Defense Defense Time % Phy DF OF
1 Mario Ferraro Cody Ceci 60 1 2 2
2 Jonas Siegenthaler Ryan Pulock 40 1 2 2
4 vs 4 Forward
Center Wing Time % Phy DF OF
1 Adam Henrique Andrew Mangiapane 60 1 2 2
2 Sam Bennett Brady Tkachuk 40 1 2 2
4 vs 4 Defense
Defense Defense Time % Phy DF OF
1 Ryan Pulock Cody Ceci 60 1 2 2
2 Dougie Hamilton Mario Ferraro 40 1 2 2
Last Minutes Offensive
Center Left Wing Right Wing Defense Defense
Sam Bennett Brady Tkachuk Troy Terry Dougie Hamilton Ryan Pulock
Last Minutes Defensive
Center Left Wing Right Wing Defense Defense
Scott Laughton Andrew Mangiapane Kyle Okposo Mario Ferraro Cody Ceci
Goaltenders
Starting : Cam Talbot
Backup : James Reimer
Extra Forwards
Normal : Nicolas Roy, Craig Smith, Pierre Engvall - PP : Kyle Okposo, Josh Bailey - PK : Kyle Okposo
Extra Defensemen
Normal : Jonas Siegenthaler, Luke Schenn, Cody Ceci - PP : Jonas Siegenthaler - PK : Luke Schenn, Dougie Hamilton
Penalty Shots
Trevor Zegras, Dougie Hamilton, Nicolas Roy, Kyle Okposo, Josh Bailey
Montreal Canadiens
5 vs 5 Forward
Center Left Wing Right Wing Time % Phy DF OF
1 Sidney Crosby Filip Forsberg Jake Evans 30 1 1 3
2 Martin Necas Patrik Laine Miles Wood 30 1 1 2
3 Matty Beniers Tyson Jost Christian Fischer 20 1 2 1
4 Jake Evans Tomas Nosek Jack Quinn 20 1 2 1
5 vs 5 Defense
Defense Defense Time % Phy DF OF
1 Tyler Myers Adam Fox 40 1 2 2
2 Brady Skjei Filip Hronek 30 1 2 2
3 Scott Mayfield Alexandre Carrier 25 1 2 2
4 Adam Fox Filip Hronek 5 1 1 2
PowerPlay Forward
Center Left Wing Right Wing Time % Phy DF OF
1 Sidney Crosby Filip Forsberg Patrik Laine 60 1 2 2
2 Matty Beniers Miles Wood Christian Fischer 40 1 2 2
PowerPlay Defense
Defense Defense Time % Phy DF OF
1 Adam Fox Martin Necas 75 1 2 2
2 Brady Skjei Filip Hronek 25 1 2 2
Penalty Kill 4 Players Forward
Center Wing Time % Phy DF OF
1 Jake Evans Tyson Jost 60 1 2 2
2 Tomas Nosek Colton Sceviour 40 1 2 2
Penalty Kill 4 Players Defense
Defense Defense Time % Phy DF OF
1 Tyler Myers Adam Fox 60 1 2 2
2 Brady Skjei Filip Hronek 40 1 2 2
Penalty Kill - 3 Players Forward
Forward Time % Phy DF OF
1 Jake Evans 60 1 2 2
2 Tyson Jost 40 1 2 2
Penalty Kill - 3 Players Defense
Defense Defense Time % Phy DF OF
1 Tyler Myers Adam Fox 60 1 2 2
2 Brady Skjei Scott Mayfield 40 1 2 2
4 vs 4 Forward
Center Wing Time % Phy DF OF
1 Sidney Crosby Filip Forsberg 60 1 2 2
2 Martin Necas Patrik Laine 40 1 2 2
4 vs 4 Defense
Defense Defense Time % Phy DF OF
1 Tyler Myers Adam Fox 60 1 2 2
2 Brady Skjei Filip Hronek 40 1 2 2
Last Minutes Offensive
Center Left Wing Right Wing Defense Defense
Sidney Crosby Filip Forsberg Patrik Laine Tyler Myers Adam Fox
Last Minutes Defensive
Center Left Wing Right Wing Defense Defense
Jake Evans Tyson Jost Tomas Nosek Tyler Myers Adam Fox
Goaltenders
Starting : Jacob Markstrom
Backup : Daniel Vladar
Extra Forwards
Normal : Tyson Jost, Matty Beniers, Tomas Nosek - PP : Tyson Jost, Matty Beniers - PK : Tomas Nosek
Extra Defensemen
Normal : Adam Fox, Alexandre Carrier, Brady Skjei - PP : Adam Fox - PK : Alexandre Carrier, Brady Skjei
Penalty Shots
Sidney Crosby, Filip Forsberg, Patrik Laine, Martin Necas, Miles Wood
% Time on Ice - Toronto Maple Leafs
Lines # - Real PCT - Wanted PCT - Time Play
Normal Forward
1 - 36% - 40% - 18:05
2 - 28% - 30% - 14:00
3 - 19% - 20% - 9:53
4 - 17% - 10% - 8:51
Normal Defense
1 - 40% - 40% - 20:15
2 - 28% - 30% - 14:09
3 - 24% - 20% - 12:10
4 - 8% - 10% - 4:15
PP Forward
1 - 60% - 60% - 2:22
2 - 40% - 40% - 1:36
PP Defense
1 - 64% - 60% - 2:32
2 - 36% - 40% - 1:26
PK Forward
1 - 76% - 60% - 3:00
2 - 24% - 40% - 0:58
PK Defense
1 - 59% - 60% - 2:21
2 - 41% - 40% - 1:37
PK3 Forward
1 - 0% - 60%
2 - 0% - 40%
PK3 Defense
1 - 0% - 60%
2 - 0% - 40%
44 Forward
1 - 0% - 60%
2 - 0% - 40%
44 Defense
1 - 0% - 60%
2 - 0% - 40%
Last Minute Offensive - 0:00
Last Minute Defensive - 1:15
Total
Forward - 60:00
Defense - 60:00
|
% Time on Ice - Montreal Canadiens
Lines # - Real PCT - Wanted PCT - Time Play
Normal Forward
1 - 27% - 30% - 13:29
2 - 32% - 30% - 16:14
3 - 24% - 20% - 12:01
4 - 18% - 20% - 9:06
Normal Defense
1 - 40% - 40% - 20:21
2 - 29% - 30% - 14:39
3 - 28% - 25% - 14:09
4 - 3% - 5% - 1:41
PP Forward
1 - 54% - 60% - 2:09
2 - 46% - 40% - 1:49
PP Defense
1 - 65% - 75% - 2:35
2 - 35% - 25% - 1:23
PK Forward
1 - 78% - 60% - 3:05
2 - 22% - 40% - 0:53
PK Defense
1 - 66% - 60% - 2:38
2 - 34% - 40% - 1:20
PK3 Forward
1 - 0% - 60%
2 - 0% - 40%
PK3 Defense
1 - 0% - 60%
2 - 0% - 40%
44 Forward
1 - 0% - 60%
2 - 0% - 40%
44 Defense
1 - 0% - 60%
2 - 0% - 40%
Last Minute Offensive - 1:14
Last Minute Defensive - 0:00
Total
Forward - 60:00
Defense - 60:00
|
Play-by-Play
1st period
0:01 of 1st period - Sam Bennett wins face-off versus Jake Evans in neutral zone.
0:14 of 1st period - Snap shot by Brady Tkachuk.
0:14 of 1st period - Stopped by Jacob Markstrom with a rebound.
1:28 of 1st period - Off-side.
1:29 of 1st period - Matty Beniers wins face-off versus Sam Bennett in neutral zone.
1:39 of 1st period - Off-side.
1:40 of 1st period - Sidney Crosby wins face-off versus Adam Henrique in neutral zone.
1:43 of 1st period - Snap shot by Filip Forsberg.
1:43 of 1st period - Shot Misses the Net.
2:07 of 1st period - Miles Wood is hit by Luke Schenn and loses puck.
2:48 of 1st period - Jake Evans is hit by Cody Ceci and loses puck.
3:12 of 1st period - Wrist shot by Andrew Mangiapane.
3:12 of 1st period - Deflect By Adam Henrique.
3:12 of 1st period - Stopped by Jacob Markstrom without a rebound.
3:13 of 1st period - Martin Necas wins face-off versus Sam Bennett in Montreal Canadiens zone.
3:45 of 1st period - Andrew Mangiapane is hit by Christian Fischer and loses puck.
4:04 of 1st period - Snap shot by Jack Quinn.
4:04 of 1st period - Shot Blocked by Scott Laughton.
4:42 of 1st period - Filip Hronek is hit by Craig Smith and loses puck.
4:53 of 1st period - Off-side.
4:54 of 1st period - Sam Bennett wins face-off versus Jake Evans in neutral zone.
5:05 of 1st period - Wrist shot by Sam Bennett.
5:05 of 1st period - Shot Misses the Net.
5:07 of 1st period - Slapshot by Cody Ceci.
5:07 of 1st period - Shot Misses the Net.
5:16 of 1st period - Icing by Brady Skjei.
5:17 of 1st period - Martin Necas wins face-off versus Adam Henrique in Montreal Canadiens zone.
5:17 of 1st period - Martin Necas is hit by Kyle Okposo.
5:53 of 1st period - Snap shot by Sam Bennett.
5:53 of 1st period - Stopped by Jacob Markstrom without a rebound.
5:54 of 1st period - Matty Beniers wins face-off versus Scott Laughton in Montreal Canadiens zone.
5:54 of 1st period - Matty Beniers is hit by Scott Laughton.
6:09 of 1st period - Adam Fox is hit by Trevor Zegras and loses puck.
6:24 of 1st period - Slapshot by Martin Necas.
6:24 of 1st period - Shot Misses the Net.
6:26 of 1st period - Snap shot by Martin Necas.
6:26 of 1st period - Stopped by Cam Talbot without a rebound.
6:27 of 1st period - Martin Necas wins face-off versus Sam Bennett in Toronto Maple Leafs zone.
6:32 of 1st period - Slapshot by Martin Necas.
6:32 of 1st period - Shot Misses the Net.
6:34 of 1st period - Slapshot by Scott Mayfield.
6:34 of 1st period - Stopped by Cam Talbot with a rebound.
6:54 of 1st period - Snap shot by Filip Forsberg.
6:54 of 1st period - Goal by Filip Forsberg - Toronto Maple Leafs : 0 - Montreal Canadiens : 1.
6:55 of 1st period - Adam Henrique wins face-off versus Jack Quinn in neutral zone.
7:02 of 1st period - Slapshot by Kyle Okposo.
7:02 of 1st period - Shot Misses the Net.
7:04 of 1st period - Slapshot by Ryan Pulock.
7:04 of 1st period - Deflect By Andrew Mangiapane.
7:04 of 1st period - Shot Misses the Net.
7:04 of 1st period - Puck is out of play.
7:05 of 1st period - Adam Henrique wins face-off versus Jake Evans in Montreal Canadiens zone.
7:40 of 1st period - Snap shot by Jake Evans.
7:40 of 1st period - Stopped by Cam Talbot without a rebound.
7:41 of 1st period - Sam Bennett wins face-off versus Martin Necas in Toronto Maple Leafs zone.
7:41 of 1st period - Sam Bennett is hit by Alexandre Carrier.
7:55 of 1st period - Wrist shot by Brady Tkachuk.
7:55 of 1st period - Stopped by Jacob Markstrom without a rebound.
7:56 of 1st period - Sidney Crosby wins face-off versus Scott Laughton in Montreal Canadiens zone.
8:01 of 1st period - Luke Schenn is hit by Filip Forsberg and loses puck.
8:22 of 1st period - Josh Bailey is hit by Miles Wood and loses puck.
9:32 of 1st period - Wrist shot by Pierre Engvall.
9:32 of 1st period - Stopped by Jacob Markstrom with a rebound.
9:34 of 1st period - Slapshot by Dougie Hamilton.
9:34 of 1st period - Stopped by Jacob Markstrom with a rebound.
9:36 of 1st period - Snap shot by Mario Ferraro.
9:36 of 1st period - Stopped by Jacob Markstrom without a rebound.
9:37 of 1st period - Sam Bennett wins face-off versus Filip Forsberg in Montreal Canadiens zone.
9:40 of 1st period - Snap shot by Sam Bennett.
9:40 of 1st period - Deflect By Brady Tkachuk.
9:40 of 1st period - Stopped by Jacob Markstrom with a rebound.
9:42 of 1st period - Slapshot by Sam Bennett.
9:42 of 1st period - Deflect By Brady Tkachuk.
9:42 of 1st period - Shot Misses the Net.
9:42 of 1st period - Puck is out of play.
9:43 of 1st period - Sidney Crosby wins face-off versus Sam Bennett in Montreal Canadiens zone.
9:49 of 1st period - Off-side.
9:50 of 1st period - Sidney Crosby wins face-off versus Sam Bennett in neutral zone.
10:26 of 1st period - Snap shot by Kyle Okposo.
10:26 of 1st period - Stopped by Jacob Markstrom with a rebound.
11:06 of 1st period - Snap shot by Jake Evans.
11:06 of 1st period - Stopped by Cam Talbot with a rebound.
11:28 of 1st period - Wrist shot by Sam Bennett.
11:28 of 1st period - Goal by Sam Bennett - Toronto Maple Leafs : 1 - Montreal Canadiens : 1.
11:29 of 1st period - Sam Bennett wins face-off versus Sidney Crosby in neutral zone.
12:05 of 1st period - Dougie Hamilton is hit by Filip Forsberg and loses puck.
12:19 of 1st period - Off-side.
12:20 of 1st period - Adam Henrique wins face-off versus Martin Necas in neutral zone.
12:37 of 1st period - Ryan Pulock is hit by Miles Wood and loses puck.
12:47 of 1st period - Off-side.
12:48 of 1st period - Scott Laughton wins face-off versus Tyson Jost in neutral zone.
12:51 of 1st period - Alexandre Carrier is hit by Luke Schenn.
13:36 of 1st period - Scott Laughton is hit by Patrik Laine.
14:25 of 1st period - Matty Beniers is hit by Sam Bennett and loses puck.
14:36 of 1st period - Brady Tkachuk is hit by Filip Hronek and loses puck.
15:02 of 1st period - Wrist shot by Christian Fischer.
15:02 of 1st period - Stopped by Cam Talbot with a rebound.
15:21 of 1st period - Snap shot by Filip Hronek.
15:21 of 1st period - Deflect By Matty Beniers.
15:21 of 1st period - Shot Misses the Net.
15:21 of 1st period - Puck is out of play.
15:22 of 1st period - Sidney Crosby wins face-off versus Adam Henrique in Toronto Maple Leafs zone.
15:49 of 1st period - Snap shot by Nicolas Roy.
15:49 of 1st period - Deflect By Craig Smith.
15:49 of 1st period - Shot Misses the Net.
15:49 of 1st period - Puck is out of play.
15:50 of 1st period - Nicolas Roy wins face-off versus Martin Necas in Montreal Canadiens zone.
16:01 of 1st period - Wrist shot by Nicolas Roy.
16:01 of 1st period - Shot Blocked by Alexandre Carrier.
16:03 of 1st period - Slapshot by Jonas Siegenthaler.
16:03 of 1st period - Shot Blocked by Martin Necas.
16:05 of 1st period - Backhand shot by Craig Smith.
16:05 of 1st period - Shot Blocked by Martin Necas.
16:23 of 1st period - Wrist shot by Pierre Engvall.
16:23 of 1st period - Stopped by Jacob Markstrom without a rebound.
16:24 of 1st period - Jake Evans wins face-off versus Adam Henrique in Montreal Canadiens zone.
16:24 of 1st period - Jake Evans is hit by Andrew Mangiapane.
16:32 of 1st period - Snap shot by Jack Quinn.
16:32 of 1st period - Deflect By Tomas Nosek.
16:32 of 1st period - Shot Misses the Net.
16:32 of 1st period - Puck is out of play.
16:33 of 1st period - Jake Evans wins face-off versus Adam Henrique in Toronto Maple Leafs zone.
16:33 of 1st period - Adam Fox is hit by Ryan Pulock and loses puck.
16:43 of 1st period - Wrist shot by Jack Quinn.
16:43 of 1st period - Stopped by Cam Talbot without a rebound.
16:44 of 1st period - Sidney Crosby wins face-off versus Adam Henrique in Toronto Maple Leafs zone.
16:49 of 1st period - Wrist shot by Sidney Crosby.
16:49 of 1st period - Stopped by Cam Talbot without a rebound.
16:50 of 1st period - Adam Henrique wins face-off versus Filip Forsberg in Toronto Maple Leafs zone.
17:05 of 1st period - Snap shot by Filip Forsberg.
17:05 of 1st period - Stopped by Cam Talbot with a rebound.
17:07 of 1st period - Snap shot by Filip Forsberg.
17:07 of 1st period - Deflect By Sidney Crosby.
17:07 of 1st period - Shot Blocked by Adam Henrique.
17:07 of 1st period - Puck is out of play.
17:08 of 1st period - Sam Bennett wins face-off versus Martin Necas in Toronto Maple Leafs zone.
17:23 of 1st period - Slapshot by Sam Bennett.
17:23 of 1st period - Shot Misses the Net.
17:29 of 1st period - Minor Penalty to Patrik Laine for Hooking.
17:30 of 1st period - Sam Bennett wins face-off versus Jake Evans in Montreal Canadiens zone.
17:36 of 1st period - Off-side.
17:37 of 1st period - Jake Evans wins face-off versus Sam Bennett in neutral zone.
17:44 of 1st period - Snap shot by Jake Evans.
17:44 of 1st period - Stopped by Cam Talbot with a rebound.
17:50 of 1st period - Slapshot by Brady Tkachuk.
17:50 of 1st period - Stopped by Jacob Markstrom with a rebound.
17:52 of 1st period - Snap shot by Brady Tkachuk.
17:52 of 1st period - Shot Misses the Net.
17:54 of 1st period - Slapshot by Troy Terry.
17:54 of 1st period - Stopped by Jacob Markstrom with a rebound.
17:56 of 1st period - Slapshot by Ryan Pulock.
17:56 of 1st period - Deflect By Tyler Myers.
17:56 of 1st period - Stopped by Jacob Markstrom without a rebound.
17:57 of 1st period - Jake Evans wins face-off versus Adam Henrique in Montreal Canadiens zone.
18:23 of 1st period - Dougie Hamilton is hit by Colton Sceviour.
18:45 of 1st period - Cody Ceci is hit by Filip Hronek and loses puck.
19:29 of 1st period - Penalty to Patrik Laine is over, Patrik Laine is back on ice.
19:34 of 1st period - Off-side.
19:35 of 1st period - Nicolas Roy wins face-off versus Martin Necas in neutral zone.
19:39 of 1st period - Off-side.
19:40 of 1st period - Adam Henrique wins face-off versus Martin Necas in neutral zone.
19:43 of 1st period - Alexandre Carrier is hit by Kyle Okposo and loses puck.
Goals for this period are 1 for Toronto Maple Leafs vs 1 for Montreal Canadiens.
Shots for this period are 14 for Toronto Maple Leafs vs 10 for Montreal Canadiens.
2nd period
0:01 of 2nd period - Sam Bennett wins face-off versus Sidney Crosby in neutral zone.
1:09 of 2nd period - Pierre Engvall is hit by Sidney Crosby and loses puck.
1:20 of 2nd period - Slapshot by Craig Smith.
1:20 of 2nd period - Deflect By Nicolas Roy.
1:20 of 2nd period - Stopped by Jacob Markstrom without a rebound.
1:21 of 2nd period - Martin Necas wins face-off versus Sam Bennett in Montreal Canadiens zone.
1:42 of 2nd period - Minor Penalty to Brady Tkachuk for Hooking.
1:43 of 2nd period - Scott Laughton wins face-off versus Patrik Laine in Toronto Maple Leafs zone.
3:04 of 2nd period - Adam Fox is hit by Pierre Engvall and loses puck.
3:27 of 2nd period - Miles Wood is hit by Scott Laughton and loses puck.
3:42 of 2nd period - Penalty to Brady Tkachuk is over, Brady Tkachuk is back on ice.
4:25 of 2nd period - Wrist shot by Trevor Zegras.
4:25 of 2nd period - Stopped by Jacob Markstrom without a rebound.
4:26 of 2nd period - Matty Beniers wins face-off versus Troy Terry in Montreal Canadiens zone.
5:00 of 2nd period - Patrik Laine is hit by Pierre Engvall and loses puck.
5:40 of 2nd period - Slapshot by Trevor Zegras.
5:40 of 2nd period - Stopped by Jacob Markstrom with a rebound.
6:04 of 2nd period - Snap shot by Nicolas Roy.
6:04 of 2nd period - Shot Blocked by Tomas Nosek.
6:06 of 2nd period - Slapshot by Jonas Siegenthaler.
6:06 of 2nd period - Shot Blocked by Jack Quinn.
6:37 of 2nd period - Wrist shot by Tyson Jost.
6:37 of 2nd period - Shot Misses the Net.
6:49 of 2nd period - Martin Necas is hit by Cody Ceci and loses puck.
7:13 of 2nd period - Scott Laughton is hit by Tyson Jost and loses puck.
7:24 of 2nd period - Martin Necas is hit by Brady Tkachuk.
7:38 of 2nd period - Slapshot by Adam Fox.
7:38 of 2nd period - Shot Blocked by Josh Bailey.
8:51 of 2nd period - Off-side.
8:52 of 2nd period - Sam Bennett wins face-off versus Matty Beniers in neutral zone.
10:24 of 2nd period - Kyle Okposo is hit by Patrik Laine and loses puck.
11:17 of 2nd period - Matty Beniers is hit by Brady Tkachuk and loses puck.
11:36 of 2nd period - Patrik Laine is hit by Kyle Okposo and loses puck.
11:41 of 2nd period - Snap shot by Adam Henrique.
11:41 of 2nd period - Stopped by Jacob Markstrom without a rebound.
11:42 of 2nd period - Martin Necas wins face-off versus Adam Henrique in Montreal Canadiens zone.
12:14 of 2nd period - Wrist shot by Troy Terry.
12:14 of 2nd period - Stopped by Jacob Markstrom with a rebound.
12:34 of 2nd period - Snap shot by Tyson Jost.
12:34 of 2nd period - Stopped by Cam Talbot with a rebound.
12:36 of 2nd period - Slapshot by Matty Beniers.
12:36 of 2nd period - Deflect By Christian Fischer.
12:36 of 2nd period - Stopped by Cam Talbot with a rebound.
12:38 of 2nd period - Slapshot by Brady Skjei.
12:38 of 2nd period - Shot Misses the Net.
12:40 of 2nd period - Slapshot by Brady Skjei.
12:40 of 2nd period - Stopped by Cam Talbot without a rebound.
12:41 of 2nd period - Martin Necas wins face-off versus Sam Bennett in Toronto Maple Leafs zone.
12:42 of 2nd period - Snap shot by Patrik Laine.
12:42 of 2nd period - Stopped by Cam Talbot with a rebound.
12:44 of 2nd period - Slapshot by Tyler Myers.
12:44 of 2nd period - Deflect By Martin Necas.
12:44 of 2nd period - Shot Misses the Net.
12:44 of 2nd period - Puck is out of play.
12:45 of 2nd period - Martin Necas wins face-off versus Sam Bennett in Toronto Maple Leafs zone.
13:12 of 2nd period - Snap shot by Sidney Crosby.
13:12 of 2nd period - Shot Misses the Net.
13:14 of 2nd period - Snap shot by Jake Evans.
13:14 of 2nd period - Shot Misses the Net.
13:16 of 2nd period - Wrist shot by Sidney Crosby.
13:16 of 2nd period - Stopped by Cam Talbot with a rebound.
13:18 of 2nd period - Snap shot by Adam Fox.
13:18 of 2nd period - Stopped by Cam Talbot without a rebound.
13:19 of 2nd period - Jake Evans wins face-off versus Brady Tkachuk in Toronto Maple Leafs zone.
14:06 of 2nd period - Snap shot by Trevor Zegras.
14:06 of 2nd period - Stopped by Jacob Markstrom with a rebound.
14:25 of 2nd period - Snap shot by Nicolas Roy.
14:25 of 2nd period - Deflect By Pierre Engvall.
14:25 of 2nd period - Stopped by Jacob Markstrom without a rebound.
14:26 of 2nd period - Nicolas Roy wins face-off versus Sidney Crosby in Montreal Canadiens zone.
14:27 of 2nd period - Snap shot by Craig Smith.
14:27 of 2nd period - Stopped by Jacob Markstrom with a rebound.
14:29 of 2nd period - Wrist shot by Nicolas Roy.
14:29 of 2nd period - Goal by Nicolas Roy - Toronto Maple Leafs : 2 - Montreal Canadiens : 1.
14:30 of 2nd period - Sidney Crosby wins face-off versus Sam Bennett in neutral zone.
14:35 of 2nd period - Backhand shot by Filip Forsberg.
14:35 of 2nd period - Shot Misses the Net.
14:41 of 2nd period - Backhand shot by Sam Bennett.
14:41 of 2nd period - Stopped by Jacob Markstrom without a rebound.
14:42 of 2nd period - Sam Bennett wins face-off versus Jake Evans in Montreal Canadiens zone.
14:51 of 2nd period - Snap shot by Sidney Crosby.
14:51 of 2nd period - Stopped by Cam Talbot without a rebound.
14:52 of 2nd period - Sidney Crosby wins face-off versus Sam Bennett in Toronto Maple Leafs zone.
15:25 of 2nd period - Snap shot by Filip Forsberg.
15:25 of 2nd period - Stopped by Cam Talbot with a rebound.
15:27 of 2nd period - Slapshot by Tyler Myers.
15:27 of 2nd period - Shot Blocked by Josh Bailey.
15:29 of 2nd period - Slapshot by Tyler Myers.
15:29 of 2nd period - Stopped by Cam Talbot with a rebound.
15:31 of 2nd period - Wrist shot by Filip Forsberg.
15:31 of 2nd period - Stopped by Cam Talbot with a rebound.
15:49 of 2nd period - Wrist shot by Filip Forsberg.
15:49 of 2nd period - Stopped by Cam Talbot with a rebound.
15:53 of 2nd period - Slapshot by Filip Forsberg.
15:53 of 2nd period - Shot Misses the Net.
15:55 of 2nd period - Slapshot by Tyler Myers.
15:55 of 2nd period - Shot Blocked by Brady Tkachuk.
15:57 of 2nd period - Snap shot by Jake Evans.
15:57 of 2nd period - Stopped by Cam Talbot without a rebound.
15:58 of 2nd period - Adam Henrique wins face-off versus Martin Necas in Toronto Maple Leafs zone.
16:11 of 2nd period - Snap shot by Andrew Mangiapane.
16:11 of 2nd period - Stopped by Jacob Markstrom without a rebound.
16:12 of 2nd period - Martin Necas wins face-off versus Adam Henrique in Montreal Canadiens zone.
16:22 of 2nd period - Wrist shot by Patrik Laine.
16:22 of 2nd period - Stopped by Cam Talbot with a rebound.
16:24 of 2nd period - Wrist shot by Miles Wood.
16:24 of 2nd period - Shot Misses the Net.
16:26 of 2nd period - Slapshot by Scott Mayfield.
16:26 of 2nd period - Stopped by Cam Talbot with a rebound.
16:28 of 2nd period - Slapshot by Scott Mayfield.
16:28 of 2nd period - Deflect By Adam Henrique.
16:28 of 2nd period - Stopped by Cam Talbot with a rebound.
16:51 of 2nd period - Snap shot by Adam Henrique.
16:51 of 2nd period - Stopped by Jacob Markstrom with a rebound.
16:53 of 2nd period - Snap shot by Luke Schenn.
16:53 of 2nd period - Shot Blocked by Alexandre Carrier.
16:55 of 2nd period - Wrist shot by Kyle Okposo.
16:55 of 2nd period - Stopped by Jacob Markstrom without a rebound.
16:56 of 2nd period - Jake Evans wins face-off versus Scott Laughton in Montreal Canadiens zone.
17:39 of 2nd period - Snap shot by Dougie Hamilton.
17:39 of 2nd period - Deflect By Nicolas Roy.
17:39 of 2nd period - Stopped by Jacob Markstrom with a rebound.
17:41 of 2nd period - Snap shot by Nicolas Roy.
17:41 of 2nd period - Shot Blocked by Matty Beniers.
17:43 of 2nd period - Slapshot by Mario Ferraro.
17:43 of 2nd period - Stopped by Jacob Markstrom without a rebound.
17:44 of 2nd period - Nicolas Roy wins face-off versus Matty Beniers in Montreal Canadiens zone.
19:20 of 2nd period - Wrist shot by Brady Tkachuk.
19:20 of 2nd period - Deflect By Sam Bennett.
19:20 of 2nd period - Stopped by Jacob Markstrom without a rebound.
19:21 of 2nd period - Sam Bennett wins face-off versus Sidney Crosby in Montreal Canadiens zone.
19:34 of 2nd period - Wrist shot by Sidney Crosby.
19:34 of 2nd period - Stopped by Cam Talbot with a rebound.
19:48 of 2nd period - Tyler Myers is hit by Kyle Okposo and loses puck.
Goals for this period are 1 for Toronto Maple Leafs vs 0 for Montreal Canadiens.
Shots for this period are 16 for Toronto Maple Leafs vs 16 for Montreal Canadiens.
3rd period
0:01 of 3rd period - Sam Bennett wins face-off versus Jake Evans in neutral zone.
0:04 of 3rd period - Wrist shot by Josh Bailey.
0:04 of 3rd period - Deflect By Sam Bennett.
0:04 of 3rd period - Shot Blocked by Jake Evans.
0:04 of 3rd period - Puck is out of play.
0:05 of 3rd period - Sam Bennett wins face-off versus Jack Quinn in Montreal Canadiens zone.
0:16 of 3rd period - Slapshot by Jack Quinn.
0:16 of 3rd period - Stopped by Cam Talbot without a rebound.
0:17 of 3rd period - Sam Bennett wins face-off versus Sidney Crosby in Toronto Maple Leafs zone.
0:42 of 3rd period - Mario Ferraro is hit by Martin Necas and loses puck.
1:09 of 3rd period - Slapshot by Ryan Pulock.
1:09 of 3rd period - Stopped by Jacob Markstrom without a rebound.
1:10 of 3rd period - Sam Bennett wins face-off versus Jake Evans in Montreal Canadiens zone.
1:36 of 3rd period - Scott Mayfield is hit by Trevor Zegras and loses puck.
1:50 of 3rd period - Off-side.
1:51 of 3rd period - Sam Bennett wins face-off versus Sidney Crosby in neutral zone.
2:23 of 3rd period - Adam Henrique is hit by Adam Fox and loses puck.
2:48 of 3rd period - Wrist shot by Adam Fox.
2:48 of 3rd period - Deflect By Matty Beniers.
2:48 of 3rd period - Shot Misses the Net.
2:48 of 3rd period - Puck is out of play.
2:49 of 3rd period - Sidney Crosby wins face-off versus Brady Tkachuk in Toronto Maple Leafs zone.
3:06 of 3rd period - Slapshot by Filip Forsberg.
3:06 of 3rd period - Stopped by Cam Talbot with a rebound.
3:58 of 3rd period - Wrist shot by Pierre Engvall.
3:58 of 3rd period - Stopped by Jacob Markstrom with a rebound.
4:00 of 3rd period - Snap shot by Craig Smith.
4:00 of 3rd period - Shot Blocked by Scott Mayfield.
4:02 of 3rd period - Wrist shot by Craig Smith.
4:02 of 3rd period - Shot Misses the Net.
4:04 of 3rd period - Wrist shot by Nicolas Roy.
4:04 of 3rd period - Shot Blocked by Jake Evans.
4:06 of 3rd period - Snap shot by Pierre Engvall.
4:06 of 3rd period - Shot Misses the Net.
4:42 of 3rd period - Scott Mayfield is hit by Andrew Mangiapane and loses puck.
4:59 of 3rd period - Wrist shot by Christian Fischer.
4:59 of 3rd period - Stopped by Cam Talbot with a rebound.
5:05 of 3rd period - Snap shot by Tyson Jost.
5:05 of 3rd period - Shot Blocked by Jonas Siegenthaler.
5:23 of 3rd period - Miles Wood is hit by Nicolas Roy and loses puck.
5:39 of 3rd period - Minor Penalty to Brady Tkachuk for Hooking.
5:40 of 3rd period - Scott Laughton wins face-off versus Sidney Crosby in Toronto Maple Leafs zone.
5:40 of 3rd period - Scott Laughton is hit by Filip Forsberg.
5:49 of 3rd period - Slapshot by Martin Necas.
5:49 of 3rd period - Deflect By Filip Forsberg.
5:49 of 3rd period - Stopped by Cam Talbot with a rebound.
6:30 of 3rd period - Jonas Siegenthaler is hit by Sidney Crosby and loses puck.
7:39 of 3rd period - Penalty to Brady Tkachuk is over, Brady Tkachuk is back on ice.
7:44 of 3rd period - Matty Beniers is hit by Sam Bennett and loses puck.
8:05 of 3rd period - Craig Smith is hit by Tomas Nosek and loses puck.
8:14 of 3rd period - Martin Necas is hit by Nicolas Roy and loses puck.
8:31 of 3rd period - Alexandre Carrier is hit by Josh Bailey and loses puck.
8:42 of 3rd period - Filip Forsberg is hit by Mario Ferraro and loses puck.
9:07 of 3rd period - Nicolas Roy is hit by Miles Wood and loses puck.
9:49 of 3rd period - Jake Evans is hit by Craig Smith and loses puck.
10:46 of 3rd period - Icing by Nicolas Roy.
10:47 of 3rd period - Nicolas Roy wins face-off versus Martin Necas in Toronto Maple Leafs zone.
12:13 of 3rd period - Brady Tkachuk is hit by Tyler Myers and loses puck.
14:25 of 3rd period - Brady Skjei is hit by Scott Laughton.
15:16 of 3rd period - Nicolas Roy is hit by Scott Mayfield.
15:26 of 3rd period - Scott Mayfield is hit by Scott Laughton and loses puck.
15:52 of 3rd period - Tyler Myers is hit by Cody Ceci and loses puck.
15:57 of 3rd period - Snap shot by Kyle Okposo.
15:57 of 3rd period - Shot Blocked by Patrik Laine.
16:05 of 3rd period - Minor Penalty to Tyler Myers for High sticking.
16:06 of 3rd period - Tyson Jost wins face-off versus Sam Bennett in Montreal Canadiens zone.
17:08 of 3rd period - Snap shot by Patrik Laine.
17:08 of 3rd period - Stopped by Cam Talbot with a rebound.
18:02 of 3rd period - Alexandre Carrier is hit by Kyle Okposo and loses puck.
18:05 of 3rd period - Penalty to Tyler Myers is over, Tyler Myers is back on ice.
18:15 of 3rd period - Wrist shot by Miles Wood.
18:15 of 3rd period - Shot Blocked by Jonas Siegenthaler.
18:33 of 3rd period - Slapshot by Luke Schenn.
18:33 of 3rd period - Deflect By Scott Mayfield.
18:33 of 3rd period - Stopped by Jacob Markstrom with a rebound.
19:06 of 3rd period - Montreal Canadiens, Jacob Markstrom is pulled from the net.
19:06 of 3rd period - Snap shot by Filip Forsberg.
19:06 of 3rd period - Stopped by Cam Talbot with a rebound.
19:08 of 3rd period - Snap shot by Adam Fox.
19:08 of 3rd period - Stopped by Cam Talbot without a rebound.
19:09 of 3rd period - Claude Julien call a timeout for Montreal Canadiens.
19:09 of 3rd period - Sidney Crosby wins face-off versus Scott Laughton in Toronto Maple Leafs zone.
19:58 of 3rd period - Slapshot by Sidney Crosby.
19:58 of 3rd period - Deflect By Tyson Jost.
19:58 of 3rd period - Stopped by Cam Talbot with a rebound.
Goals for this period are 0 for Toronto Maple Leafs vs 0 for Montreal Canadiens.
Shots for this period are 3 for Toronto Maple Leafs vs 8 for Montreal Canadiens.
Back to the Top